 Dungeon Crawl Stone Soup version 0.25-a0-890-g62861fb (webtiles) character file.

Game seed: 2128459433094368416, levelgen mode: deterministic

749 BlueFish the Insei (level 7, -2/45 HPs)
             Began as an Octopode Transmuter on May 10, 2020.
             Was an Initiate of Cheibriados.
             Slain by an orc
             ... wielding a +0 short sword
              (5 damage)
             ... on level 6 of the Dungeon.
             The game lasted 00:15:10 (5139 turns).

BlueFish the Insei (Octopode Transmuter)            Turns: 5139, Time: 00:15:11

Health: -2/45      AC:  1    Str: 12    XL:     7   Next: 78%
Magic:  11/11      EV: 14    Int: 21    God:    Cheibriados [......]
Gold:   150        SH:  0    Dex: 13    Spells: 5/11 levels left

rFire    . . .     SeeInvis .     - Unarmed
rCold    . . .     Gourm    .   (no shield)
rNeg     . . .     Faith    +   (helmet restricted)
rPois    +         Spirit   .   e - amulet of faith
rElec    .         Reflect  .   g - +4 ring of intelligence
rCorr    .         Harm     .   o - ring of poison resistance
MR       .....                  (no ring)
Stlth    ++++......             (no ring)
HPRegen  0.15/turn              (no ring)
MPRegen  0.12/turn              (no ring)
                                (no ring)
                                (no ring)

@: about to teleport, appendage (expiring), very slow
A: almost no armour, stealthy swim, amphibious, 8 rings, constrict 8, tentacle
spike 3, camouflage 1, gelatinous body 1
a: End Transformation, Bend Time, Renounce Religion


You were on level 6 of the Dungeon.
You worshipped Cheibriados.
Cheibriados was noncommittal.
You were not hungry.
One of your tentacles had a temporary spike.
You visited 2 branches of the dungeon, and saw 7 of its levels.

You collected 150 gold pieces.

Inventory:

Missiles
 a - 12 arrows
 r - 40 stones (quivered)
Jewellery
 e - an amulet of faith (around mantle)
 g - a +4 ring of intelligence (left tentacle)
 i - an uncursed amulet of regeneration {unknown}
 o - a ring of poison resistance (right tentacle)
Wands
 f - a wand of polymorph (13)
Scrolls
 m - 2 scrolls of remove curse
 n - 2 scrolls of magic mapping {unknown}
 q - 2 scrolls of random uselessness {unknown}
 u - a scroll of blinking {unknown}
Potions
 b - 2 potions of berserk rage
 d - a potion of cancellation
 h - 4 potions of brilliance
 j - 2 potions of curing {unknown}
 k - a potion of ambrosia {unknown}
 l - a potion of invisibility {unknown}
 s - 2 potions of magic {unknown}
 t - a potion of mutation {unknown}
Comestibles
 c - 10 rations
 v - 3 chunks of flesh


   Skills:
 * Level 2.7 Fighting
 * Level 3.2 Dodging
 * Level 4.1 Stealth
 * Level 5.3 Unarmed Combat
 + Level 2.8 Spellcasting
 * Level 3.8 Transmutations
 * Level 2.8 Poison Magic
 * Level 1.2 Invocations


You had 5 spell levels left.
You knew the following spells:

 Your Spells              Type           Power        Failure   Level  Hunger
a - Beastly Appendage     Tmut           ###...       2%          1    None
b - Sticks to Snakes      Tmut           ###.....     4%          2    ##.....
c - Spider Form           Tmut/Pois      ###.......   11%         3    ###....

Your spell library contained the following spells:

 Spells                   Type           Power        Failure   Level  Hunger
 Ice Form                 Ice/Tmut       ##......     52%         4    ####...
 Blade Hands              Tmut           ###.......   61%         5    ######.


Dungeon Overview and Level Annotations

Branches:
Dungeon (6/15)             Temple (1/1) D:5

Altars:
Ashenzari
Cheibriados
Dithmenos
Elyvilon
Fedhas
Gozag
Hepliaklqana
Kikubaaqudgha
Makhleb
Nemelex Xobeh
Qazlal
Ru
Sif Muna
Uskayaw
Vehumet
The Shining One

Annotations:
D:2 Natasha
D:6 exclusion: centaur


Innate Abilities, Weirdness & Mutations

You cannot wear most types of armour.
You are very stealthy in the water. (Stealth+)
You are amphibious.
You can wear up to eight rings at the same time.
You can use your tentacles to constrict eight enemies at once.
Your skin changes colour to match your surroundings (Stealth+).
Your rubbery body absorbs attacks. (AC +1, EV +1)
One of your tentacles bears a large vicious spike.


Message History

The centaur hits you. The centaur completely misses you.
You barely miss the centaur. Your squeeze misses the centaur.
The centaur is moderately wounded.
The centaur hits you.
You closely miss the centaur.
The centaur is moderately wounded.
The centaur hits you!
* * * LOW HITPOINT WARNING * * *
Okay, then.
Okay, then.
Your transformation is almost over.
The centaur wields a +0 shortbow.
The centaur shoots an arrow.
The arrow hits you.
* * * LOW HITPOINT WARNING * * *
The orc misses you.
You see here an arrow.
Okay, then.
As you read the scroll of teleportation, it crumbles to dust.
You feel strangely unstable. The orc hits you with a +0 short sword.
You die...

#........ #....... ...)
. #.##..# ###%.##c#
#.##..##...... .
########.'......##..#.#
##........#......##..#.
......)(.c#....#.##...
......###o#))......#.#
..... #@#)#..#.#.#.#
..o.
###.#.#..#.#.#.#####
...
+.#........#.#.....# ..
#.........##.#.##.## .
#.........##.#.##.#
#.........'..#.##.#
#.........####.##.#
#..........# #.##.#
##########.# #.##.#


You could see a centaur and an orc.

Vanquished Creatures
  A necrophage (D:6)
  A scorpion (D:6)
  2 crimson imps (D:5)
  2 orc wizards
  Crazy Yiuf (D:5)
  A bullfrog skeleton (D:6)
  3 orc priests
  Natasha (D:2)
  3 worker ants (D:4)
  5 adders
  7 gnolls
  A shadow imp (D:5)
  2 oozes
  An adder skeleton (D:4)
  7 worms
  A dart slug (D:1)
  2 leopard geckos
  14 orcs
  5 bats
  4 giant cockroaches
  8 goblins
  3 hobgoblins
  3 jackals (D:1)
  2 quokkas
  A ball python (D:1)
  5 frilled lizards
  5 kobolds
  A leopard gecko skeleton (D:5)
  9 rats
101 creatures vanquished.

Notes
Turn   | Place    | Note
-------+----------+-------------------------------------------
     0 | D:1      | BlueFish the Octopode Transmuter began the quest for the
                  | Orb.
     0 | D:1      | Reached XP level 1. HP: 13/13 MP: 3/3
   279 | D:1      | Reached XP level 2. HP: 16/18 MP: 3/5
   284 | D:1      | Learned a level 2 spell: Sticks to Snakes
   709 | D:1      | Reached skill level 1 in Stealth
   986 | D:2      | Reached XP level 3. HP: 23/23 MP: 3/6
  1002 | D:2      | Learned a level 3 spell: Spider Form
  1149 | D:2      | Reached XP level 4. HP: 10/28 MP: 5/7
  1381 | D:2      | Noticed Natasha
  1392 | D:2      | Killed Natasha
  1392 | D:2      | Reached skill level 1 in Poison Magic
  1525 | D:2      | Found a burning altar of Makhleb.
  1640 | D:2      | HP: 1/29 [acid (7)]
  1650 | D:2      | Noticed Natasha
  2242 | D:3      | Reached XP level 5. HP: 16/34 MP: 8/8
  2260 | D:3      | Reached skill level 4 in Unarmed Combat
  3047 | D:4      | Reached XP level 6. HP: 33/39 MP: 9/9
  3712 | D:4      | Found a glowing golden altar of the Shining One.
  3764 | D:4      | Found a stormy altar of Qazlal.
  3795 | D:5      | Entered Level 5 of the Dungeon
  3805 | D:5      | Found a white marble altar of Elyvilon.
  3994 | D:5      | Found a hide-covered altar of Uskayaw.
  4074 | D:5      | Found a staircase to the Ecumenical Temple.
  4093 | Temple   | Entered the Ecumenical Temple
  4166 | Temple   | Became a worshipper of Cheibriados the Contemplative
  4321 | D:5      | Found a shimmering blue altar of Sif Muna.
  4330 | D:5      | Found a hazy altar of Hepliaklqana.
  4334 | D:5      | Reached XP level 7. HP: 32/45 MP: 7/10
  4422 | D:5      | Found a runed translucent door.
  4423 | D:5      | Noticed Crazy Yiuf
  4432 | D:5      | Killed Crazy Yiuf
  4432 | D:5      | Reached skill level 5 in Unarmed Combat
  4689 | D:6      | Got a transparent falchion
  4917 | D:6      | Reached skill level 1 in Invocations
  5139 | D:6      | Slain by an orc

Levels and vault maps discovered:
D:1:      dpeg_arrival_rhombi, layout_basic, minmay_misc_feat_tower
D:2:      layout_basic, overflow_temple_1_default, uniq_natasha
D:3:      layout_basic, first_ration
D:4:      layout_basic, kennysheep_mini, nicolae_qazlal_eye_of_the_storm,
          sigmund_army
D:5:      layout_cave_pools, eat_drink_and_be_merry_uskayaw, minitemple,
          minmay_temple_entry_large_hall, basic_altar, kennysheep_windowed_goal,
          uniq_crazy_yiuf_cottage
D:6:      lemuel_ice_spiral_2, layout_basic, lemuel_round_altar,
          lemuel_zombie_altar_yredelemnul
Temple:   eino_temple_lava

Skill      XL: |  1  2  3  4  5  6  7 |
---------------+----------------------+-----
Stealth        | 1 2 3 4 |  4.1
Poison Magic   | 1 2 |  2.8
Unarmed Combat | 4 5 |  5.3
Fighting       | 2 |  2.7
Transmutations | 3 |  3.8
Dodging        | 3 |  3.2
Invocations    | 1 |  1.2
Spellcasting   | |  2.8

Action                   |  1- 3 |  4- 6 |  7- 9 || total
-------------------------+-------+-------+-------++-------
Melee: Unarmed           |    54 |   156 |    37 ||   247
       Kick              |    13 |    36 |    12 ||    61
       Constrict         |    14 |    43 |    10 ||    67
       Tentacles         |    11 |    24 |     7 ||    42
       Punch             |     1 |     3 |       ||     4
Throw: Stone             |       |       |     1 ||     1
 Cast: Beastly Appendage |    17 |    41 |     8 ||    66
  Use: Scroll            |     5 |     5 |     1 ||    11
       Potion            |       |     1 |       ||     1
 Stab: Sleeping          |     6 |     9 |     3 ||    18
       Distracted        |       |     1 |       ||     1
  Eat: Chunk             |     1 |     9 |     5 ||    15
Armor: Skin              |     6 |    11 |       ||    17
Dodge: Dodged            |    33 |    66 |    21 ||   120

Table legend:
 A = Non-vault XP
 B = Vault XP
 C = Vault XP percentage of total XP
 D = Non-vault monster count
 E = Vault monster count
 F = Vault count percentage of total count
                 A         B        C        D         E       F
            +---------+---------+-------+---------+---------+-------
      Total |     953 |     118 |  11.0 |      96 |       5 |   5.0
            +---------+---------+-------+---------+---------+-------
        D:1 |      32 |       0 |   0.0 |      16 |       0 |   0.0
        D:2 |      87 |      35 |  28.7 |      16 |       1 |   5.9
        D:3 |     120 |       0 |   0.0 |      30 |       0 |   0.0
        D:4 |     154 |      42 |  21.4 |      13 |       3 |  18.8
        D:5 |     231 |      41 |  15.1 |      11 |       1 |   8.3
        D:6 |     329 |       0 |   0.0 |      10 |       0 |   0.0
            +---------+---------+-------+---------+---------+-------
